 Dungeon Crawl Stone Soup version 0.15.0-12-gccce430 (webtiles) character file.

103934 Johnny the Conjurer (level 15, -23/117 HPs)
             Began as a Demigod Conjurer on Sept 1, 2014.
             Shot with an arrow by a deep elf master archer (35 damage)
             ... on Level 3 of the Elven Halls on Sept 2, 2014.
             The game lasted 04:22:02 (42294 turns).

Johnny the Conjurer (Demigod Conjurer)             Turns: 42294, Time: 04:22:03

HP -23/117       AC 22     Str 15      XL: 15   Next: 43%
MP  14/32        EV 31     Int 29 (34) God:
Gold 1500        SH  2     Dex 23      Spells: 11 memorised,  4 levels left

rFire  + + .     SeeInvis +     i - +3 great mace (protect)
rCold  + . .     Clarity  .     Q - +2 robe of Jioss {rElec SInv Stlth++}
rNeg   + + .     rCorr    .     (no shield)
rPois  +         rRot     .     W - +2 helmet of Skibak {rC+ MR+ Slay+4}
rElec  +         Spirit   .     q - +2 cloak {rPois}
SustAb .         Warding  +     X - +2 pair of gloves
rMut   .         Stasis   .     p - +0 pair of boots {+Jump}
Gourm  .                        J - amulet of warding
MR     ++...                    d - ring of protection from fire
                                v - ring "Hestre" {rN+ Dex+5 Int+4}

@: brilliant, phasing, shrouded, very slightly contaminated, hasted, very quick,
very resistant to hostile enchantments, very stealthy
A: large bone plates 1, fire resistance 1, low mp 1
a: Evoke Jump Attack


You were on level 3 of the Elven Halls.
You were not hungry.

You visited 5 branches of the dungeon, and saw 26 of its levels.
You also visited: Volcano.

You collected 2745 gold pieces.
You spent 1245 gold pieces at shops.

Inventory:

Hand weapons
 i - a +3 great mace of protection (weapon)
Armour
 p - a +0 pair of boots of jumping (worn)
 q - a +2 cloak of poison resistance (worn)
 Q - the +2 robe of Jioss (worn) {rElec SInv Stlth++}
   (You bought it in a shop on level 4 of the Orcish Mines)

   It insulates you from electricity.
   It enhances your eyesight.
   It makes you much more stealthy.
 W - the +2 helmet of Skibak (worn) {rC+ MR+ Slay+4}
   (You found it on level 6 of the Lair of Beasts)

   It affects your accuracy and damage with ranged weapons and melee attacks
   (+4).
   It protects you from cold.
   It affects your resistance to hostile enchantments.
 X - a +2 pair of gloves (worn)
Magical devices
 a - a wand of invisibility (0)
 I - a wand of digging (2)
 S - a wand of teleportation (0)
 Y - a wand of heal wounds (1)
 Z - a wand of hasting (0)
Comestibles
 b - 12 bread rations
 E - 11 meat rations
Scrolls
 e - a scroll of fog
 j - 5 scrolls of blinking
 n - a scroll of enchant armour
 o - 10 scrolls of remove curse
 u - 2 scrolls of magic mapping
 x - 5 scrolls of fear
 G - 5 scrolls of amnesia
 L - a scroll of identify
 R - 4 scrolls of teleportation
Jewellery
 d - a ring of protection from fire (right hand)
 v - the ring "Hestre" (left hand) {rN+ Dex+5 Int+4}
   (You bought it in a shop on level 4 of the Orcish Mines)

   [ring of positive energy]

   It affects your intelligence (+4).
   It affects your dexterity (+5).
   It protects you from negative energy.
 y - an uncursed amulet of the gourmand
 J - an amulet of warding (around neck)
 V - the ring "Bli Noce" {+Fly Str+3 Int-3}
   (You found it on level 7 of the Dungeon)

   [ring of flight]

   It affects your strength (+3).
   It affects your intelligence (-3).
   It lets you fly.
Potions
 f - 2 potions of brilliance
 k - 3 potions of resistance
 l - 2 potions of curing
 r - 2 potions of magic
 s - 2 potions of cure mutation
 t - 6 potions of might
 z - 4 potions of agility
 F - 6 potions of flight
 K - 3 potions of restore abilities
 N - 9 potions of berserk rage
Books
 c - a book of Conjurations

   Spells                             Type                      Level
   *Magic Dart                        Conjuration                  1
   *Searing Ray                       Conjuration                  2
   *Dazzling Spray                    Conjuration/Hexes            3
   Fulminant Prism                    Conjuration/Hexes            4
   *Iskenderun's Mystic Blast         Conjuration                  4
   *Iskenderun's Battlesphere         Conjuration/Charms           5
 h - a book of Cantrips

   Spells                             Type                      Level
   *Corona                            Hexes                        1
   *Animate Skeleton                  Necromancy                   1
   Summon Small Mammal                Summoning                    1
   Apportation                        Translocation                1
 m - a book of the Warp

   Spells                             Type                      Level
   Control Teleport                   Charms/Translocation         4
   *Phase Shift                       Translocation                5
   Warp Weapon                        Charms/Translocation         5
   Dispersal                          Translocation                6
   Controlled Blink                   Translocation                7
   Disjunction                        Translocation                8
 w - a book of the Sky

   Spells                             Type                      Level
   Flight                             Charms/Air                   3
   Airstrike                          Air                          4
   Silence                            Hexes/Air                    5
   Deflect Missiles                   Charms/Air                   6
   Conjure Ball Lightning             Conjuration/Air              6
   Tornado                            Air                          9
 A - a book of Fire

   Spells                             Type                      Level
   Ignite Poison                      Fire/Transmutation           5
   *Fireball                          Conjuration/Fire             5
   Bolt of Fire                       Conjuration/Fire             6
   Delayed Fireball                   Conjuration/Fire             7
   Ring of Flames                     Charms/Fire                  7
 M - a Grand Grimoire {highlevel, unknown}

   This book is beyond your current level of understanding.

   Spells                             Type                      Level
   Aura of Abjuration                 Summoning                    6
   Forceful Dismissal                 Summoning                    6
   Summon Greater Demon               Summoning                    7
   Malign Gateway                     Summoning/Translocation      7
   Summon Horrible Things             Summoning                    8
 O - the Grimoire of the Voyage and Transformation
   (You found it on level 1 of the Lair of Beasts)

   Spells                             Type                      Level
   *Shroud of Golubria                Charms/Translocation         2
   Portal Projectile                  Translocation                3
   Teleport Other                     Translocation                3
   Passwall                           Transmutation/Earth          3
   Ignite Poison                      Fire/Transmutation           5
 P - a book of Control

   Spells                             Type                      Level
   Control Teleport                   Charms/Translocation         4
   Control Undead                     Necromancy                   4
   Enslavement                        Hexes                        4
   *Metabolic Englaciation            Hexes/Ice                    5
   Mass Confusion                     Hexes                        6
Miscellaneous
 H - a sack of spiders {used: 1}
 T - a crystal ball of energy


   Skills:
 + Level 6.6 Fighting
   Level 5.9(6.8) Axes
 + Level 4.8(6.2) Maces & Flails
   Level 0.3(3.6) Polearms
   Level 1.2 Bows
 + Level 6.6 Armour
 + Level 10.7 Dodging
 + Level 6.0 Stealth
 + Level 12.2 Spellcasting
 + Level 12.8 Conjurations
 + Level 5.6 Hexes
 + Level 5.5 Charms
 + Level 0.5 Necromancy
 + Level 2.4 Translocations
 + Level 2.9 Fire Magic
 + Level 0.5 Ice Magic
 + Level 4.4 Evocations


You had 4 spell levels left.
You knew the following spells:

 Your Spells              Type           Power        Failure   Level  Hunger
a - Magic Dart            Conj           ####         0%          1    None
b - Searing Ray           Conj           ######       1%          2    None
c - Dazzling Spray        Conj/Hex       ######..     1%          3    None
d - Iskenderun's Mystic   Conj           #######.     1%          4    None
e - Iskenderun's Battles  Conj/Chrm      ######..     1%          5    None
f - Shroud of Golubria    Chrm/Tloc      ######....   1%          2    None
g - Phase Shift           Tloc           #####.....   3%          5    None
h - Fireball              Conj/Fire      ######....   1%          5    None
i - Corona                Hex            ######.      1%          1    None
j - Animate Skeleton      Necr           N/A          1%          1    None
k - Metabolic Englaciati  Hex/Ice        ######....   3%          5    None


Dungeon Overview and Level Annotations

Branches:
Dungeon (10/15)            Temple (0/1) D:6             Orc (4/4) D:10
    Elf (3/3) Orc:4          Lair (8/8) D:9           Swamp (1/5) Lair:4
  Snake (0/5) Lair:3        Slime (0/6) Lair:6

Shops:
D:5 }*?[   D:7 %   Orc:4 =([*

Portals:
Abyss: Elf:1


Innate Abilities, Weirdness & Mutations

You are partially covered in large bone plates (AC +2, SH +2).
Your flesh is heat resistant.
Your magical capacity is low (-10% MP).


Message History

Casting: Dazzling Spray
Confirm with . or Enter, or press ? or * to list all spells.
You feel the strange sensation of being on two planes at once.
The deep elf master archer shoots an arrow.
The arrow hits you!
* * * LOW HITPOINT WARNING * * *
Drink which item? (? for menu, Esc to quit)
You feel better.
The shadow demon gestures.
The deep elf master archer shoots an arrow.
The arrow hits you!
* * * LOW HITPOINT WARNING * * *
The deep elf demonologist casts a spell.
Drink which item? (? for menu, Esc to quit)
You feel better.
The deep elf master archer shoots an arrow.
The arrow misses you.
The deep elf master archer shoots an arrow.
The arrow hits you!!
You die...

#..**,*#......# **,,,*,*,,,,...,
###****##.....# *,,,,****,,e.e.
## ##.....# **,,,,*,##*eee# .##
##.....(# **,,,,,#.##rs# ..##
##......(# **,,,,,..eee.
...###........# ***,,,,.3e1e
....#.........# ***,,,aee,
.....P...##...################1##
[........####(.(@ee13)......##.#.
.........# ######2s4.......##e#.
....#....# #..3.......##e#.
...###...# ######..1..e..).##.ZZ
..## ##..# #..............).ee[.
.## ##.# #.#####.........#.... ##
*## #.# ###########e.e. #.#
######## #.... #.# #......# ##...


You could see 2 Brimstone Fiends, a deep elf master archer, a sun demon, a
shadow demon, a deep elf demonologist, a deep elf summoner, a blue devil, a
neqoxec and a redback.

Vanquished Creatures
  A deep elf sorcerer (Elf:3)
  An orc warlord (Orc:4)
  A deep elf annihilator (Elf:3)
  3 deep elf death magi (Elf:3)
  Fannar (Lair:4)
  Harold (Orc:3)
  11 hydras
  An alligator (Lair:4)
  Nessos (Orc:3)
  2 orc high priests (Orc:4)
  8 death yaks
  8 deep elf knights
  4 deep elf summoners
  A swamp dragon (Lair:4)
  7 deep elf conjurers
  4 orc knights (Orc:4)
  A hill giant (D:10)
  6 griffons
  A wolf spider (Lair:5)
  5 orc sorcerers
  An oklob plant (Lair:6)
  2 manticores (Lair:8)
  14 elephants
  A guardian serpent (Lair:3)
  19 spiny frogs
  A black mamba (Lair:4)
  Psyche (Orc:1)
  3 fire drakes
  11 komodo dragons
  2 freezing wraiths (Elf:1)
  6 polar bears
  4 trolls
  Sonja (Elf:1)
  A baby alligator (Lair:4)
  7 deep elf priests
  23 blink frogs
  A jumping spider (Elf:2)
  Prince Ribbit (Orc:1)
  A slime creature (Lair:5)
  6 giant leeches
  A bog body (Swamp:1)
  3 two-headed ogres
  7 basilisks
  37 yaks
  5 wyverns (Lair:8)
  2 redbacks (Elf:2)
  A spriggan (D:10)
  A hog (Volcano)
  18 deep elf magi
  A fire bat (Volcano)
  9 deep elf fighters
  7 vampire mosquitoes (Lair:8)
  A steam dragon (D:9)
  10 wolves
  Edmund (D:6)
  7 swamp worms (Swamp:1)
  8 porcupines
  6 wargs
  4 hell hounds (Lair:8)
  17 hippogriffs
  22 water moccasins
  7 black bears
  39 orc warriors
  2 sky beasts
  2 swamp drakes (Swamp:1)
  4 ice beasts
  2 centaurs
  11 ogres
  2 phantoms
  An ogre (shapeshifter) (Elf:3)
  A boring beetle (Lair:8)
  28 crocodiles
  Sigmund (D:7)
  A brain worm (Lair:5)
  A gnoll sergeant (D:6)
  Blork the orc (D:8)
  A brain worm (shapeshifter) (Elf:3)
  12 insubstantial wisps (Swamp:1)
  28 giant frogs
  A scorpion (D:8)
  A troll skeleton (Orc:4)
  8 electric eels
  A goliath beetle (D:10)
  A giant frog zombie (D:9)
  2 crimson imps
  7 jellies
  28 orc priests
  A centaur skeleton (D:9)
  6 hounds
  43 orc wizards
  An orange rat (Elf:2)
  13 iguanas
  A mottled dragon zombie (D:9)
  4 worker ants
  2 big kobold skeletons
  11 sheep
  A crocodile skeleton (D:8)
  6 gnolls
  A scorpion zombie (D:7)
  20 green rats
  8 orc zombies
  23 adders
  A giant mite (D:6)
  2 worms (D:4)
  An inept feature mimic (Orc:3)
  2 shadow imps
  13 giant geckos
  15 oozes (Lair:5)
  220 orcs
  21 goblins
  13 hobgoblins
  4 jackals
  14 quokkas
  2 ball pythons
  14 bats
  4 giant cockroaches
  11 giant newts
  A giant newt skeleton (D:4)
  2 giant spores
  2 gnoll zombies (D:5)
  A goblin skeleton (D:5)
  A goblin zombie (D:5)
  A hobgoblin skeleton (D:5)
  A hobgoblin zombie (D:5)
  22 kobolds
  5 orc skeletons
  11 rats
  A rat skeleton (D:4)
  8 ballistomycetes
  2 plants
1071 creatures vanquished.

Vanquished Creatures (collateral kills)
  2 elephants (Lair:5)
  An ogre (Orc:3)
3 creatures vanquished.

Vanquished Creatures (others)
  A deep elf knight (Elf:3)
  A two-headed ogre (Volcano)
  A blue devil (Elf:3)
  A deep elf mage (Elf:3)
  A deep elf fighter (Elf:2)
  A spider (Orc:3)
  2 lost souls (Elf:3)
  4 elf skeletons (Elf:3)
  An iguana (Lair:4)
  3 orc skeletons (Orc:4)
  A bat (D:6)
  2 giant spores (D:10)
  7 fungi
  3 plants
29 creatures vanquished.

Grand Total: 1103 creatures vanquished

Notes
Turn   | Place    | Note
--------------------------------------------------------------
     0 | D:1      | Johnny, the Demigod Conjurer, began the quest for the Orb.
     0 | D:1      | Reached XP level 1. HP: 14/14 MP: 3/3
   338 | D:1      | Reached skill level 4 in Conjurations
   436 | D:1      | Reached XP level 2. HP: 20/20 MP: 1/4
   816 | D:2      | Learned a level 2 spell: Searing Ray
  1590 | D:3      | Reached XP level 3. HP: 26/26 MP: 3/7
  1814 | D:3      | Reached XP level 4. HP: 19/33 MP: 0/10
  1837 | D:3      | Reached skill level 1 in Armour
  2155 | D:3      | Learned a level 3 spell: Dazzling Spray
  2383 | D:3      | Reached XP level 5. HP: 12/39 MP: 1/12
  3005 | D:4      | Reached skill level 5 in Conjurations
  3392 | D:4      | Noticed an ogre
  3396 | D:4      | Killed an ogre
  3396 | D:4      | Reached XP level 6. HP: 41/46 MP: 3/15
  3630 | D:4      | Noticed a phantom
  3644 | D:4      | Killed a phantom
  3644 | D:4      | Reached skill level 1 in Maces & Flails
  3721 | D:4      | Found a bloodstained altar of Trog.
  4284 | D:5      | Entered Level 5 of the Dungeon
  4410 | D:5      | Reached XP level 7. HP: 37/51 MP: 4/18
  4463 | D:5      | Found Cloeg's General Store.
  4596 | D:5      | Found Zuovug's Magic Scroll Boutique.
  4603 | D:5      | Bought a scroll of identify for 28 gold pieces
  4603 | D:5      | Bought a scroll of identify for 28 gold pieces
  4603 | D:5      | Bought a scroll of identify for 28 gold pieces
  4603 | D:5      | Bought a scroll of identify for 28 gold pieces
  4895 | D:5      | Found a white marble altar of Elyvilon.
  5010 | D:5      | Learned a level 4 spell: Iskenderun's Mystic Blast
  5018 | D:5      | Found Haohy's Gadget Emporium.
  5025 | D:5      | Reached skill level 1 in Fighting
  5029 | D:5      | Bought a wand of draining (7) for 121 gold pieces
  5128 | D:5      | Found Hiyfite's Armour Boutique.
  5429 | D:5      | Found a sparkling altar of Nemelex Xobeh.
  5488 | D:5      | Reached skill level 1 in Axes
  5772 | D:5      | Found a basalt altar of Yredelemnul.
  6335 | D:6      | Noticed Edmund
  6360 | D:6      | Killed Edmund
  6532 | D:6      | Reached XP level 8. HP: 49/61 MP: 18/20
  7003 | D:6      | Found a staircase to the Ecumenical Temple.
  7427 | D:7      | Noticed Sigmund
  7569 | D:7      | Reached skill level 1 in Hexes
  7797 | D:7      | Killed Sigmund
  7814 | D:7      | Found Cannar's Food Emporium.
  7931 | D:7      | Got a crude pewter ring
  7959 | D:7      | Identified the ring "Bli Noce" {+Fly Str+3 Int-3} (You found it on level 7 of the Dungeon)
  8106 | D:7      | Reached skill level 6 in Conjurations
  8320 | D:8      | Reached skill level 5 in Dodging
  8487 | D:8      | Noticed Blork the orc
  8495 | D:8      | Killed Blork the orc
  9064 | D:8      | Reached XP level 9. HP: 68/68 MP: 17/23
  9209 | D:8      | Noticed a two-headed ogre
  9216 | D:8      | Killed a two-headed ogre
  9494 | D:9      | Found a shimmering altar of Xom.
  9777 | D:9      | Got a shimmering iron ring
  9790 | D:9      | Reached skill level 5 in Spellcasting
 10934 | D:9      | Found a staircase to the Lair.
 11327 | D:10     | Entered Level 10 of the Dungeon
 11350 | D:10     | Reached skill level 7 in Conjurations
 11496 | D:10     | Noticed a hill giant
 11503 | D:10     | Killed a hill giant
 11569 | D:10     | Identified the ring of Happiness {rC- rN+ Slay+5} (You took it off a kobold on level 9 of the Dungeon)
 11926 | D:10     | Reached XP level 10. HP: 74/77 MP: 21/26
 12468 | D:10     | Learned a level 5 spell: Iskenderun's Battlesphere
 12489 | D:10     | Reached skill level 1 in Evocations
 12630 | D:10     | Found a staircase to the Orcish Mines.
 12908 | Orc:1    | Entered Level 1 of the Orcish Mines
 12933 | Orc:1    | Noticed Prince Ribbit
 12937 | Orc:1    | Killed Prince Ribbit
 12961 | Orc:1    | Noticed Psyche
 12991 | Orc:1    | Killed Psyche
 13744 | Orc:1    | Reached skill level 8 in Conjurations
 14375 | Orc:2    | Found a dark tunnel.
 14415 | Volcano  | Entered a volcano
 14448 | Volcano  | Reached skill level 1 in Charms
 15690 | Orc:2    | Reached skill level 1 in Bows
 16079 | Orc:2    | Reached XP level 11. HP: 66/84 MP: 0/28
 16502 | Orc:3    | Paralysed by an orc sorcerer for 3 turns
 16711 | Orc:3    | Noticed Harold
 16728 | Orc:3    | Reached skill level 9 in Conjurations
 16746 | Orc:3    | Noticed Nessos
 17212 | Lair:1   | Entered Level 1 of the Lair of Beasts
 17415 | Lair:1   | Identified the Grimoire of the Voyage and Transformation (You found it on level 1 of the Lair of Beasts)
 17419 | Lair:1   | Learned a level 2 spell: Shroud of Golubria
 17421 | Lair:1   | Noticed an eight-headed hydra
 17426 | Lair:1   | Killed an eight-headed hydra
 19238 | Lair:2   | Reached skill level 5 in Axes
 19246 | Lair:2   | Noticed a four-headed hydra
 19255 | Lair:2   | Killed a four-headed hydra
 19255 | Lair:2   | Reached skill level 5 in Armour
 19312 | Lair:2   | Reached XP level 12. HP: 57/92 MP: 8/31
 19313 | Lair:2   | Reached skill level 1 in Translocations
 19710 | Lair:2   | Reached skill level 10 in Conjurations
 21055 | Lair:2   | Reached skill level 5 in Fighting
 21523 | Lair:3   | Reached skill level 5 in Stealth
 21923 | Lair:3   | Found a staircase to the Snake Pit.
 22503 | Lair:4   | Found a staircase to the Swamp.
 22967 | Lair:4   | Noticed Fannar
 23500 | Lair:5   | Noticed an eight-headed hydra
 23508 | Lair:5   | Killed an eight-headed hydra
 24357 | Lair:5   | Reached XP level 13. HP: 68/101 MP: 3/33
 26432 | Lair:6   | Found a viscous altar of Jiyva.
 26432 | Lair:6   | Found a staircase to the Slime Pits.
 26687 | Lair:6   | Got a faintly glowing helmet
 26693 | Lair:6   | Identified the +2 helmet of Skibak {rC+ MR+ Slay+4} (You found it on level 6 of the Lair of Beasts)
 26820 | Lair:7   | Reached skill level 10 in Spellcasting
 27498 | Lair:8   | Entered Level 8 of the Lair of Beasts
 27659 | Lair:8   | Reached skill level 11 in Conjurations
 29194 | Lair:8   | Reached XP level 14. HP: 60/110 MP: 3/34
 30185 | Lair:8   | Reached skill level 10 in Dodging
 30637 | Lair:8   | Learned a level 5 spell: Phase Shift
 30698 | Lair:8   | Learned a level 5 spell: Fireball
 31334 | Lair:4   | Killed Fannar
 31516 | Lair:4   | Noticed an eight-headed hydra
 31522 | Lair:4   | Killed an eight-headed hydra
 31813 | Lair:4   | Reached skill level 5 in Charms
 31816 | Lair:4   | Reached skill level 1 in Fire Magic
 32423 | Swamp:1  | Entered Level 1 of the Swamp
 32666 | Swamp:1  | Learned a level 1 spell: Corona
 32668 | Swamp:1  | Learned a level 1 spell: Animate Skeleton
 32685 | Swamp:1  | Reached skill level 5 in Hexes
 32829 | Swamp:1  | Reached skill level 12 in Conjurations
 34116 | Orc:3    | Killed Harold
 34605 | Orc:3    | Killed Nessos
 35058 | Orc:4    | Entered Level 4 of the Orcish Mines
 35312 | Orc:4    | Found a staircase to the Elven Halls.
 36003 | Orc:4    | Noticed an orc warlord
 36684 | Orc:4    | Killed an orc warlord
 36853 | Orc:4    | Found a roughly hewn altar of Beogh.
 37157 | Orc:4    | Found Pseanala's Jewellery Emporium.
 37347 | Orc:4    | Found Rylic's Antique Weapon Emporium.
 37381 | Orc:4    | Found Ugaapned's Antique Armour Emporium.
 37388 | Orc:4    | Bought a bloodstained helmet for 199 gold pieces
 37388 | Orc:4    | Bought a twisted robe for 119 gold pieces
 37404 | Orc:4    | Identified the cursed -1 helmet of the Barracuda {Stlth--} (You bought it in a shop on level 4 of the Orcish Mines)
 37429 | Orc:4    | Identified the +2 robe of Jioss {rElec SInv Stlth++} (You bought it in a shop on level 4 of the Orcish Mines)
 37438 | Orc:4    | Found Onaala's General Store.
 37445 | Orc:4    | Bought a scroll of identify for 26 gold pieces
 37445 | Orc:4    | Bought a scroll of identify for 26 gold pieces
 37476 | Orc:4    | Bought the ring "Hestre" {rN+ Dex+5 Int+4} for 642 gold pieces
 38217 | Elf:1    | Entered Level 1 of the Elven Halls
 38672 | Elf:1    | Learned a level 5 spell: Metabolic Englaciation
 38754 | Elf:1    | Noticed Sonja
 38757 | Elf:1    | Killed Sonja
 38919 | Elf:1    | Found a burning altar of Makhleb.
 38976 | Elf:1    | Reached XP level 15. HP: 115/115 MP: 7/36
 39356 | Elf:1    | Identified a scroll of acquirement
 39629 | Elf:1    | Found a corrupted altar of Lugonu.
 39727 | Elf:1    | Found a one-way gate to the infinite horrors of the Abyss.
 40153 | Elf:2    | Gained mutation: Your magical capacity is low (-10% MP). [potion of mutation]
 40153 | Elf:2    | Gained mutation: Your flesh is heat resistant. [potion of mutation]
 40153 | Elf:2    | Gained mutation: You are partially covered in large bone plates (AC +2, SH +2). [potion of mutation]
 40868 | Elf:2    | Got a brightly glowing chain mail
 40879 | Elf:2    | Identified the +2 chain mail "Ollueg" {rPois MR++} (You found it on level 2 of the Elven Halls)
 41172 | Elf:3    | Entered Level 3 of the Elven Halls
 41928 | Elf:3    | Noticed a deep elf master archer
 41933 | Elf:3    | Noticed a deep elf master archer
 41948 | Elf:3    | Noticed a Brimstone Fiend
 41971 | Elf:3    | Noticed a Hell Sentinel
 41977 | Elf:3    | Noticed a Brimstone Fiend
 42270 | Elf:3    | Noticed a Shadow Fiend
 42274 | Elf:3    | Noticed a Brimstone Fiend
 42288 | Elf:3    | Noticed a Brimstone Fiend
 42293 | Elf:3    | HP: 2/117 [deep elf master archer/arrow (12)]
 42294 | Elf:3    | Shot with an arrow by a deep elf master archer

Action                   |  1- 3 |  4- 6 |  7- 9 | 10-12 | 13-15 || total
-------------------------+-------+-------+-------+-------+-------++-------
Melee: Hand axe          |    43 |    16 |       |       |       ||    59
       Morningstar       |       |    41 |       |       |       ||    41
       War axe           |       |       |   211 |   259 |   106 ||   576
       Trident           |       |       |     8 |       |       ||     8
       Great mace        |       |       |       |       |   364 ||   364
 Fire: Longbow           |       |       |       |    30 |       ||    30
 Cast: Magic Dart        |    40 |    76 |   182 |   446 |   580 ||  1324
       Searing Ray       |     2 |    16 |    39 |    19 |    32 ||   108
       Dazzling Spray    |       |     5 |    32 |   124 |   164 ||   325
       Iskenderun's Myst |       |       |    14 |    40 |    17 ||    71
       Iskenderun's Batt |       |       |       |    67 |   132 ||   199
       Shroud of Golubri |       |       |       |    29 |    40 ||    69
       Fireball          |       |       |       |       |   120 ||   120
       Phase Shift       |       |       |       |       |     7 ||     7
       Corona            |       |       |       |       |     5 ||     5
       Animate Skeleton  |       |       |       |       |     7 ||     7
       Metabolic Englaci |       |       |       |       |     6 ||     6
 Abil: Evoke Jump Attack |       |       |       |       |     1 ||     1
Evoke: Wand              |       |       |     8 |    58 |    65 ||   131
       Sack of spiders   |       |       |       |     1 |       ||     1
       Crystal ball of e |       |       |       |     3 |       ||     3
  Use: Potion            |       |     1 |       |     5 |    11 ||    17
       Scroll            |       |     6 |    15 |    11 |    17 ||    49
 Stab: Sleeping          |       |     1 |     5 |     2 |     1 ||     9
       Invisible         |       |       |     3 |     9 |    18 ||    30
       Distracted        |       |       |       |       |     1 ||     1
  Eat: Chunk             |     3 |     7 |    25 |    30 |    20 ||    85
       Beef jerky        |       |     1 |       |     5 |     2 ||     8
       Pizza             |       |       |     1 |     7 |     6 ||    14
       Royal jelly       |       |       |       |     2 |     1 ||     3
       Fruit             |       |       |       |       |     7 ||     7
       Bread ration      |       |       |       |       |     6 ||     6
